 Dungeon Crawl Stone Soup version 0.26-a0-752-gcff87cac9a (webtiles) character file.

Game seed: 16816287296956634376

5664 jiml777 the Thaumaturge (level 10, 0/50 HPs)
             Began as a Deep Elf Air Elementalist on Nov 7, 2020.
             Was a Believer of Sif Muna.
             Killed by refrigeration
             ... invoked by Fannar
              (28 damage)
             ... on level 11 of the Dungeon.
             The game lasted 01:51:06 (13959 turns).

jiml777 the Thaumaturge (DEAE)                     Turns: 13959, Time: 01:51:07

Health: 0/50       AC: 12    Str:  5    XL:     10   Next: 47%
Magic:  15/34      EV: 16    Int: 24    God:    Sif Muna [**....]
Gold:   265        SH:  0    Dex: 15    Spells: 12/27 levels left

rFire    . . .     SeeInvis .   c - +3 quarterstaff (chaos)
rCold    . . .     Faith    .   (shield currently unavailable)
rNeg     . . .     Spirit   .   o - +0 acid dragon scales
rPois    .         Reflect  .   u - +0 helmet
rElec    .         Harm     .   q - +0 cloak
rCorr    +         Rampage  .   J - +0 pair of gloves
MR       +....                  (no boots)
Stlth    ++........             e - amulet of the acrobat
HPRegen  0.16/turn              I - +4 ring of evasion
MPRegen  0.24/turn              H - ring of magical power

@: very slightly contaminated
A: no striking features
a: Channel Magic, Renounce Religion


You were on level 11 of the Dungeon.
You worshipped Sif Muna.
Sif Muna was pleased with you.
You visited 2 branches of the dungeon, and saw 12 of its levels.
You also visited: Sewer.

You collected 561 gold pieces.
You spent 296 gold pieces at shops.

Inventory:

Hand Weapons
 c - a +3 quarterstaff of chaos (weapon)
Missiles
 k - 117 arrows
 n - a throwing net (quivered)
Armour
 g - a +0 buckler
 o - +0 acid dragon scales (worn)
 q - a +0 cloak (worn)
 u - a +0 helmet (worn)
 v - the +0 robe "Fiank" {rF- rN++ SInv}
   (You found it on level 7 of the Dungeon)

   It makes you vulnerable to fire.
   It greatly protects you from negative energy.
   It lets you see invisible.
 D - a +1 robe of magic resistance
 J - a +0 pair of gloves (worn)
Jewellery
 e - an amulet of the acrobat (around neck)
 l - an uncursed ring of stealth
 H - a ring of magical power (right hand)
 I - a +4 ring of evasion (left hand)
Wands
 s - a wand of digging (9)
 w - a wand of enslavement (16)
 B - a wand of polymorph (16)
 C - a wand of random effects (26)
Scrolls
 a - 6 scrolls of teleportation
 d - a scroll of vulnerability
 h - 3 scrolls of fog
 i - 9 scrolls of remove curse
 x - a scroll of immolation
 y - a scroll of magic mapping
 A - a scroll of blinking
 G - 2 scrolls of brand weapon
Potions
 b - 2 potions of cancellation
 f - 3 potions of heal wounds
 j - 4 potions of lignification
 m - 6 potions of curing
 p - a potion of might
 r - 9 potions of ambrosia
 t - 5 potions of flight
 z - 2 potions of haste
 E - a potion of berserk rage
Miscellaneous
 F - a phial of floods


   Skills:
 - Level 8.1 Armour
 - Level 2.8 Dodging
 - Level 3.2 Stealth
 - Level 3.0 Shields
 + Level 9.1 Spellcasting
 * Level 4.2 Conjurations
 + Level 7.1 Air Magic
 * Level 4.3 Invocations
 * Level 4.0 Evocations


You had 12 spell levels left.
You knew the following spells:

 Your Spells              Type           Power        Failure   Level
a - Shock                 Conj/Air       ####         1%          1
b - Swiftness             Air            #####...     1%          2
c - Static Discharge      Conj/Air       #####...     3%          3
d - Airstrike             Air            #####.....   6%          4
e - Lightning Bolt        Conj/Air       #####.....   28%         5

Your spell library contained the following spells:

 Spells                   Type           Power        Failure   Level
 Corona                   Hex            ##.....      11%         1
 Dazzling Flash           Conj/Hex       ###...       14%         3
 Ensorcelled Hibernation  Hex/Ice        ##....       17%         2
 Confusing Touch          Hex            ##......     32%         3
 Gell's Gravitas          Tloc           ##........   32%         3
 Tukima's Dance           Hex            ##......     32%         3
 Petrify                  Tmut/Erth      ##......     73%         4
 Metabolic Englaciation   Hex/Ice        ##........   97%         5
 Yara's Violent Unravell  Hex/Tmut       ##........   97%         5


Dungeon Overview and Level Annotations

Branches:
Dungeon (11/15)            Temple (1/1) D:6            Lair (0/6) D:8
  Sewer (visited)
    Orc: D:9-12

Altars:
Ashenzari
Dithmenos
Elyvilon
Fedhas
Gozag
Hepliaklqana
Kikubaaqudgha
Makhleb
Okawaru
Qazlal
Ru
Sif Muna
Trog
Wu Jian
Xom
The Shining One

Shops:
D:10 ?

Annotations:
D:5 3 runed translucent doors, DatorSojat's ghost, novice SpEn; LogicNinja's ghost, novice DEFE; TigOlBitties's ghost, novice OpBr
D:11 Fannar


Message History

Okay, then.
Okay, then.
Casting: Airstrike (dangerous; 6% risk of failure)
Confirm with . or Enter, or press ? or * to list all spells.
Aiming: Airstrike (dangerous; 6% risk of failure)
Press: ? - help, Dir - move target cursor, f/p - Fannar
Aim: Fannar, wielding a +0 quarterstaff of freezing, wearing a +1 robe of cold resistance and wearing an uncursed ring of ice (moderately wounded, covered in an icy film)
You miscast Airstrike.
Nothing appears to happen.
Casting: Airstrike (dangerous; 6% risk of failure)
Confirm with . or Enter, or press ? or * to list all spells.
Aiming: Airstrike (dangerous; 6% risk of failure)
Press: ? - help, Dir - move target cursor, f/p - Fannar
Aim: Fannar, wielding a +0 quarterstaff of freezing, wearing a +1 robe of cold resistance and wearing an uncursed ring of ice (moderately wounded, covered in an icy film)
The air twists around and strikes Fannar!
Fannar is moderately wounded.
Fannar gestures wildly while chanting.
Fannar drains the heat from the surrounding environment!
You feel very cold.
Ouch! That really hurt!
You die...

#...>.....##.....##......#
#..........##...#........#
#...........##############
..<..........#
.............# #
.............# #######..
............## #.......#
............# ##........
.........@#####.........
..........e............
.......#####..........
....... #...........
......# #..........#
.....# ..........## .....
#..........# #....
#..........# ........##..


You could see Fannar (icy armour).

Vanquished Creatures
  An unseen horror (D:10)
  Joseph (D:8)
  Maggie (D:7)
  A queen bee (D:9)
  A wraith (D:11)
  A wyvern (D:9)
  Duvessa (D:7)
  An orc warrior (D:10)
  Purgy (Sewer)
  A necrophage (D:11)
  3 ice beasts
  An ogre (D:10)
  2 sky beasts
  3 centaurs
  4 bullfrogs
  A gnoll sergeant (D:7)
  A wyvern zombie (D:6)
  Dowan (D:7)
  3 scorpions
  23 killer bees (D:9)
  5 howler monkeys
  A hound (D:4)
  A centaur zombie (D:5)
  Crazy Yiuf (D:4)
  A bullfrog zombie (D:10)
  A bullfrog skeleton (D:11)
  3 orc priests
  8 orc wizards
  Ijyb (D:3)
  A gnoll shaman (D:5)
  5 iguanas
  3 worker ants
  A hound skeleton (D:7)
  11 gnolls
  9 adders
  A howler monkey skeleton (D:4)
  2 shadow imps
  A white imp (D:5)
  An ufetubus (D:6)
  4 oozes
  2 dart slugs (D:1)
  8 leopard geckos
  40 orcs
  7 ball pythons
  10 bats
  7 giant cockroaches
  7 goblins
  8 hobgoblins
  10 jackals
  11 kobolds
  4 quokkas
  8 frilled lizards
  7 rats
242 creatures vanquished.

Notes
Turn   | Place    | Note
-------+----------+-------------------------------------------
     0 | D:1      | jiml777 the Deep Elf Air Elementalist began the quest for
                  | the Orb.
     0 | D:1      | Reached XP level 1. HP: 10/10 MP: 6/6
   191 | D:1      | Reached XP level 2. HP: 15/15 MP: 4/8
   482 | D:1      | Reached XP level 3. HP: 19/19 MP: 6/10
   992 | D:2      | Learned a level 2 spell: Swiftness
   996 | D:2      | Learned a level 3 spell: Static Discharge
  1129 | D:2      | Found a shadowy altar of Dithmenos.
  1230 | D:2      | Reached skill level 4 in Spellcasting
  1230 | D:2      | Reached XP level 4. HP: 24/24 MP: 7/12
  1271 | D:2      | Learned a level 4 spell: Airstrike
  1298 | D:2      | Found a faded altar of an unknown god.
  2027 | D:2      | Found a broken altar of Ashenzari.
  2512 | D:3      | Noticed Ijyb
  2521 | D:3      | Killed Ijyb
  2610 | D:3      | Reached XP level 5. HP: 28/28 MP: 8/13
  3150 | D:4      | Found a shimmering altar of Xom.
  3151 | D:4      | Found a shimmering altar of Xom.
  3151 | D:4      | Found a shimmering altar of Xom.
  3152 | D:4      | Found a shimmering altar of Xom.
  3176 | D:4      | Found a glowing golden altar of the Shining One.
  3221 | D:4      | Found a burning altar of Makhleb.
  3350 | D:4      | Reached skill level 5 in Spellcasting
  3432 | D:4      | Found a runed translucent door.
  3433 | D:4      | Noticed Crazy Yiuf
  3456 | D:4      | Killed Crazy Yiuf
  3581 | D:4      | Found a stormy altar of Qazlal.
  3657 | D:4      | Reached XP level 6. HP: 31/32 MP: 10/16
  3673 | D:4      | Reached skill level 5 in Air Magic
  4163 | D:4      | Reached skill level 6 in Spellcasting
  4414 | D:5      | Entered Level 5 of the Dungeon
  4426 | D:5      | Reached skill level 1 in Evocations
  4559 | D:5      | Found a runed translucent gate.
  4559 | D:5      | Found a runed translucent gate.
  4559 | D:5      | Found a runed translucent gate.
  4559 | D:5      | Noticed TigOlBitties's ghost (novice OpBr)
  4559 | D:5      | Noticed LogicNinja's ghost (novice DEFE)
  4560 | D:5      | Noticed DatorSojat's ghost (novice SpEn)
  4855 | D:5      | Reached XP level 7. HP: 36/36 MP: 9/18
  5347 | D:5      | Reached skill level 7 in Spellcasting
  6078 | D:6      | Found a sacrificial altar of Ru.
  6145 | D:6      | Found a glowing drain.
  6155 | Sewer    | Entered a sewer
  6244 | Sewer    | Noticed Purgy
  6248 | Sewer    | Killed Purgy
  6446 | D:6      | Found a staircase to the Ecumenical Temple.
  6455 | Temple   | Entered the Ecumenical Temple
  6509 | Temple   | Became a worshipper of Sif Muna the Loreminder
  6766 | D:6      | Found an ancient bone altar of Kikubaaqudgha.
  7024 | D:7      | Reached XP level 8. HP: 31/41 MP: 12/21
  7026 | D:7      | Reached skill level 8 in Spellcasting
  7270 | D:7      | Noticed Maggie
  7277 | D:7      | Killed Maggie
  7440 | D:7      | Reached skill level 1 in Armour
  7532 | D:7      | Noticed Duvessa
  7563 | D:7      | Noticed Dowan
  7564 | D:7      | Killed Duvessa
  7567 | D:7      | Killed Dowan
  7947 | D:7      | Got a steaming robe
  7957 | D:7      | Identified the cursed +0 robe "Fiank" {rF- rN++ SInv} (You
                  | found it on level 7 of the Dungeon)
  8711 | D:8      | Reached XP level 9. HP: 45/45 MP: 10/23
  9074 | D:8      | Noticed Joseph
  9120 | D:8      | Killed Joseph
  9120 | D:8      | Reached skill level 5 in Armour
  9239 | D:8      | Learned a level 5 spell: Lightning Bolt
  9650 | D:8      | Found a staircase to the Lair.
 10526 | D:9      | Reached * piety under Sif Muna
 10801 | D:9      | Noticed a queen bee
 10803 | D:9      | Killed a queen bee
 11075 | D:9      | Reached skill level 1 in Invocations
 11075 | D:9      | Reached XP level 10. HP: 50/50 MP: 15/24
 11139 | D:9      | Found a shimmering blue altar of Sif Muna.
 11278 | D:9      | Found a white marble altar of Elyvilon.
 11408 | D:9      | Reached skill level 1 in Shields
 11771 | D:10     | Entered Level 10 of the Dungeon
 12401 | D:10     | Killed an unseen horror
 13593 | D:10     | Found Beucoe's Magic Scroll Emporium.
 13604 | D:10     | Bought a scroll of vulnerability for 120 gold pieces
 13604 | D:10     | Bought a scroll of immolation for 56 gold pieces
 13604 | D:10     | Bought a scroll of blinking for 120 gold pieces
 13784 | D:11     | Reached skill level 9 in Spellcasting
 13810 | D:11     | Reached ** piety under Sif Muna
 13945 | D:11     | Noticed Fannar
 13959 | D:11     | Killed from afar by Fannar

Illustrated notes

Levels and vault maps discovered:
D:1:      wheals_arrival_shading, layout_rooms, minmay_lizard_pond
D:2:      layout_basic, marbit_many_paths, nicolae_dithmenos_shadow_blocks,
          chequers_ecumenical_altar_island, minmay_pentomino_z4
D:3:      layout_basic, minmay_fractal_squares_diagonal_5, uniq_ijyb
D:4:      layout_loops_ring, kennysheep_mini_moat, kennysheep_little_box,
          overflow_temple_1_default, xom_redecorated, uniq_crazy_yiuf_cottage
D:5:      layout_loops_corners, gammafunk_ghost_cemetery, kennysheep_minor_cross
D:6:      layout_cave_pools, minmay_temple_entry_antechambers,
          cheibrodos_sewer_entry_sluice, basic_altar,
          nicolae_ru_great_annihilating_truth
D:7:      layout_loops_cross, serial_rivers, chequers_serial_rivers_micro_d,
          chequers_serial_rivers_large_a, chequers_serial_rivers_marsh,
          chequers_serial_rivers_micro_d, chequers_serial_rivers_small_a,
          uniq_duvessa, uniq_maggie
D:8:      layout_loops_ring, lair_entry_dummy, uniq_joseph
D:9:      layout_loops_ring, basic_altar, special_room [special_room_bee],
          elyvilon_altar_3
D:10:     layout_basic, serial_shops, shop_fountains
D:11:     layout_cave_pods, basic_altar, kennysheep_small_circle, uniq_fannar,
          uniq_erica, uniq_erolcha
Temple:   bh_familiar_temple

Skill      XL: |  1  2  3  4  5  6  7  8  9 10 |
---------------+-------------------------------+-----
Spellcasting   | 4 5 6 7 8 9 |  9.1
Air Magic      | 4 5 6 7 |  7.1
Conjurations   | 2 3 4 |  4.2
Stealth        | 3 |  3.2
Evocations     | 1 3 4 |  4.0
Armour         | 4 8 |  8.1
Invocations    | 1 4 |  4.3
Shields        | 3 |  3.0
Dodging        | |  2.8

Action                   |  1- 3 |  4- 6 |  7- 9 | 10-12 || total
-------------------------+-------+-------+-------+-------++-------
Melee: Quarterstaff      |       |     3 |     5 |     2 ||    10
 Cast: Shock             |    59 |   147 |    68 |     5 ||   279
       Swiftness         |       |     1 |       |       ||     1
       Airstrike         |       |     9 |   110 |    66 ||   185
  Use: Scroll            |       |    13 |     3 |     5 ||    21
       Potion            |       |       |     3 |       ||     3
Armor: Robe              |     3 |     5 |     3 |       ||    11
       Acid dragon scale |       |       |     4 |     1 ||     5
Dodge: Dodged            |    12 |    33 |    54 |     8 ||   107

Table legend: (Time is in decaauts)
 A = Elapsed time spent in this place.
 B = Non-inter-level travel time spent in this place.
 C = Inter-level travel time spent in this place.
 D = Time resting spent in this place.
 E = Time spent auto-exploring this place.
 F = Levels seen in this place.
 G = Mean time per level.
                   A        B        C        D        E       F      G
               +--------+--------+--------+--------+--------+-----+--------+
         Total |  13994 |  13412 |    582 |   5850 |   4414 |  13 | 1076.5 |
       Dungeon |  13663 |  13108 |    555 |   5717 |   4328 |  11 | 1242.1 |
        Temple |     81 |     54 |     27 |      0 |     42 |   1 |   81.0 |
         Sewer |    249 |    249 |      0 |    133 |     43 |   1 |  249.0 |
               +--------+--------+--------+--------+--------+-----+--------+

Top non-repeatable levels by time:
    D:10: 1953 daAuts
     D:9: 1874 daAuts
     D:5: 1645 daAuts
     D:7: 1578 daAuts
     D:4: 1278 daAuts
     D:2: 1266 daAuts
     D:8: 1185 daAuts
     D:1: 966 daAuts
     D:3: 907 daAuts
     D:6: 774 daAuts
   Sewer: 249 daAuts
    D:11: 232 daAuts
  Temple: 81 daAuts
